 Dungeon Crawl Stone Soup version 0.20.1-1-g8b1a95d (webtiles) character file.

74 Anduranha01 the Magician (level 4, -4/30 HPs)
             Began as a Mummy Fire Elementalist on Oct 31, 2017.
             Slain by an orc
             ... wielding a +2 flail of crushing
              (6 damage)
             ... on level 2 of the Dungeon.
             The game lasted 00:05:39 (2303 turns).

Anduranha01 the Magician (Mummy Fire Elementalist)  Turns: 2303, Time: 00:05:39

Health: -4/30      AC:  4    Str: 11    XL:     4   Next: 9%
Magic:  6/9        EV: 12    Int: 15    God:
Gold:   130        SH:  0    Dex: 12    Spells: 9/10 levels left

rFire    x . .     SeeInvis .   f - +0 short sword
rCold    + . .     Gourm    .   (no shield)
rNeg     + + +     Faith    .   a - +0 leather armour
rPois    ∞         Spirit   .   (no helmet)
rElec    .         Reflect  .   (no cloak)
rCorr    .         Harm     .   (no gloves)
MR       .....                  d - +0 pair of boots
Stlth    ++........             (no amulet)
Regen    0.1/turn               (no ring)
MPRegen  0.2/turn               (no ring)

@: no status effects
A: no food or potions, fire vulnerability, cold resistance 1, negative energy
resistance 3, torment resistance, unbreathing
a: no special abilities


You were on level 2 of the Dungeon.
You were not hungry.

You visited 1 branch of the dungeon, and saw 3 of its levels.

You collected 130 gold pieces.

Inventory:

Hand Weapons
 f - a +0 short sword (weapon)
Armour
 a - a +0 leather armour (worn)
 d - a +0 pair of boots (worn)
Wands
 i - a wand of random effects (25/48)
Scrolls
 c - a scroll of amnesia {unknown}
 e - a scroll of recharging {unknown}
 g - a scroll of identify {unknown}
 h - a scroll of teleportation {unknown}
Books
 b - a book of Flames

   Spells                             Type                      Level
   a - Flame Tongue                   Conjuration/Fire             1
   b - Throw Flame                    Conjuration/Fire             2
   c - Conjure Flame                  Conjuration/Fire             3
   d - Inner Flame                    Hexes/Fire                   3
   e - Sticky Flame                   Conjuration/Fire             4
   f - Fireball                       Conjuration/Fire             5


   Skills:
 + Level 2.2 Dodging
 + Level 1.8 Stealth
 + Level 3.6 Spellcasting
 + Level 1.1 Conjurations
 + Level 3.0 Fire Magic


You had 9 spell levels left.
You knew the following spells:

 Your Spells              Type           Power        Failure   Level  Hunger
a - Flame Tongue          Conj/Fire      #....        11%         1    N/A

Dungeon Overview and Level Annotations

Branches:
Dungeon (3/15)

Altars:

Annotations:
D:3 slep's ghost, amateur HOFi


Innate Abilities, Weirdness & Mutations

You do not eat or drink.
Your flesh is vulnerable to fire.
You are immune to poison.
Your flesh is cold resistant. (rC+)
You are immune to negative energy. (rN+++)
You are immune to unholy pain and torment.
You can survive without breathing.


Message History

You climb upwards.
There is a stone staircase leading down here.
The orc closely misses you. Something hits you.
You closely miss the orc.
The orc hits you with a flail of crushing!
* * * LOW HITPOINT WARNING * * *
x2 Something hits you but does no damage.
You completely miss something. The orc closely misses you.
Something hits you but does no damage.
You're too confused to move!
Something barely misses you. The orc closely misses you.
You closely miss the orc.
You feel less confused. Something hits you.
* * * LOW HITPOINT WARNING * * *
The orc closely misses you.
You completely miss the orc. Something hits you.
* * * LOW HITPOINT WARNING * * *
The orc hits you with a flail of crushing.
You die...

#######....###.#.##..............
≈## ###....###.#.##........######
≈≈###.#..........##..).....######
......##...####..##........##....
......##...# #..##........##....
≈.....##...####..############....
.≈....##.........{.# #....
.≈.)..##........>..# #....
≈...†..#.......)@o<# #....
...................# #....
.≈≈...##...........# #....
≈..≈..##...........##########....
...≈..##...................##....
.≈≈...##......[............######
≈≈....############.........#
≈≈###.# #.........# ≈## ###
#.........#


You could see an orc.

Vanquished Creatures
  An adder (D:3)
  3 oozes
  3 dart slugs
  3 orcs
  A giant cockroach (D:1)
  6 goblins
  5 hobgoblins
  3 jackals (D:2)
  2 ball pythons (D:2)
  5 frilled lizards
  3 kobolds
  10 rats
45 creatures vanquished.

Notes
Turn   | Place    | Note
-------+----------+-------------------------------------------
     0 | D:1      | Anduranha01 the Mummy Fire Elementalist began the quest for the Orb.
     0 | D:1      | Reached XP level 1. HP: 13/13 MP: 4/4
   163 | D:1      | Reached XP level 2. HP: 16/19 MP: 0/6
   967 | D:1      | Reached XP level 3. HP: 24/24 MP: 2/7
  1356 | D:2      | Reached skill level 1 in Conjurations
  1927 | D:3      | Noticed slep's ghost (amateur HOFi)
  2182 | D:3      | Reached XP level 4. HP: 19/30 MP: 7/9
  2303 | D:2      | Slain by an orc

Skill      XL: |  1  2  3 |
---------------+----------+-----
Spellcasting   | 3 |  3.6
Conjurations   | 1 |  1.1
Dodging        | 2 |  2.2
Fire Magic     | 3 |  3.0
Stealth        | |  1.8

Action                   |  1- 3 |  4- 6 || total
-------------------------+-------+-------++-------
Melee: Unarmed           |     9 |       ||     9
       Short sword       |     7 |     5 ||    12
 Cast: Flame Tongue      |    86 |    10 ||    96
Armor: Leather armour    |     7 |     2 ||     9
       Robe              |     1 |       ||     1
Dodge: Dodged            |    38 |     7 ||    45
